 Dungeon Crawl Stone Soup version 0.31-a0-1005-gfbdfbacc72 (webtiles) character file.

Game seed: 17711303295131538431

80 Arzdou the Magician (level 4, -1/30 HPs)
             Began as a Demonspawn Hedge Wizard on Nov 10, 2023.
             Slain by a hornet (17 damage)
             ... while paralysed by a hornet
             ... on level 6 of the Dungeon.
             The game lasted 00:03:58 (3238 turns).

Arzdou the Magician (Demonspawn Hedge Wizard)       Turns: 3238, Time: 00:04:00

Health: -1/30      AC:  2    Str: 10    XL:     4   Next: 18%
Magic:  5/10       EV:  2    Int: 17    God:
Gold:   105        SH:  0    Dex: 13    Spells: 10/11 levels left

rFire   . . .        a - +0 dagger
rCold   . . .        (no shield)
rNeg    . . .        b - +0 robe
rPois   .            c - +0 hat
rElec   .            (no cloak)
rCorr   +            (no gloves)
SInv    .            (no boots)
Will    .....        (no amulet)
Stlth   ++           h - ring of resist corrosion
HPRegen 0.25/turn    (no ring)
MPRegen 0.12/turn

%: no passive effects
@: paralysed, lethally poisoned (-1 -> -9)
A: hooves 1, demonic guardian 1, weakness stinger 1
a: no special abilities


You were on level 6 of the Dungeon.
You visited 1 branch of the dungeon, and saw 4 of its levels.

You collected 105 gold pieces.

Inventory:

Hand Weapons
 a - a +0 dagger (weapon)
Armour
 b - a +0 robe (worn)
 c - a +0 hat (worn)
Jewellery
 h - a ring of resist corrosion (left hand)
 k - a ring of ice
Wands
 m - a wand of flame (9)
Scrolls
 f - a scroll of vulnerability {unknown}
 i - 2 scrolls of silence {unknown}
 j - a scroll of immolation {unknown}
 n - a scroll of brand weapon {unknown}
 p - a scroll of blinking {unknown}
 r - a scroll of enchant armour {unknown}
 s - a scroll of fog {unknown}
Potions
 d - a potion of magic
 e - 2 potions of heal wounds {unknown}
 g - 2 potions of haste {unknown}
 l - a potion of mutation {unknown}
 o - 2 potions of curing {unknown}
 q - a potion of lignification {unknown}
 t - a potion of cancellation {unknown}


   Skills:
 - Level 1.7 Dodging
 - Level 1.7 Stealth
 + Level 4.0 Spellcasting
 - Level 2.3 Conjurations
 + Level 1.8 Summonings
 - Level 0.8 Translocations


You had 10 spell levels left.
You knew the following spells:

 Your Spells              Type           Power      Damage    Failure   Level
a - Magic Dart            Conj           44%        1d5       6%          1

Your spell library contained the following spells:

 Spells                   Type           Power      Damage    Failure   Level
 Call Imp                 Summ           18%        N/A       11%         2
 Slow                     Hex            12%        N/A       16%         1
 Blink                    Tloc           12%        N/A       17%         2
 Cigotuvi's Dreadful Rot  Necr/Pois/Air  6%         N/A       24%         2
 Mephitic Cloud           Conj/Pois/Air  6%         N/A       34%         3
 Ozocubu's Armour         Ice            3%         N/A       43%         3
 Metabolic Englaciation   Hex/Ice        1%         N/A       99%         5
 Simulacrum               Ice/Necr       1%         N/A       100%        6
 Malign Gateway           Summ/Tloc      4%         N/A       100%        7
 Summon Horrible Things   Summ           4%         N/A       100%        8


Dungeon Overview and Level Annotations

Branches:
Dungeon (6/15)
 Temple: D:4-7

Altars:
Dithmenos
Kikubaaqudgha

Annotations:
D:2 1 exclusion, Sigmund


Innate Abilities, Weirdness & Mutations

You have large cloven feet.
A weak demonic guardian rushes to your aid.
You have a small tail.


Message History

The bat completely misses you. The bat closely misses you.
The bat hits you but does no damage.
The magic dart hits the bat.
You kill the bat!
You can't see any susceptible monsters within range! (Use Z to cast anyway.)
Your magical contamination has completely faded away.
You see here a bat corpse.
There is a dry fountain here.
There is a stone staircase leading up here.
You open the door.
There is an open door here.
A malevolent force fills the Dungeon...
You fall into a shaft and drop 3 floors!
The shaft crumbles and collapses.
Found 11 gold pieces.
Found a stone staircase leading up.
You now have 105 gold pieces (gained 11).
Found an ancient bone altar of Kikubaaqudgha.
Found a dagger.
A hornet comes into view.
The hornet buzzes angrily.
The magic dart hits the hornet.
The hornet is lightly wounded.
The magic dart hits the hornet.
The hornet is moderately wounded.
The magic dart hits the hornet but does no damage.
The hornet is moderately wounded.
The magic dart hits the hornet but does no damage.
The hornet is moderately wounded.
The hornet stings you!
You are poisoned.
You feel yourself slow down. The hornet barely misses you.
The magic dart hits the hornet but does no damage.
The hornet is moderately wounded.
You feel yourself speed up.
You feel very sick. The hornet stings you.
You suddenly lose the ability to move!
The hornet stings you!
Ouch! That really hurt!
You die...

## #.## ##...##
####.....
#####......####
.##...<..#...##.##
.....§y@.....##..##
≈§≈≈≈≈§.....#.....#
..≈§≈≈§§..........##
8...)§≈≈.#.........#
..≈§§§§§...........#
≈≈≈≈≈≈≈...........##
...§.....#....#..##
.##.##...#...##.##
.........######


You could see a hornet.

Vanquished Creatures
  2 adders
  A worm (D:2)
  2 dart slugs
  5 endoplasms
  2 giant cockroaches (D:3)
  6 goblins
  6 hobgoblins
  4 jackals (D:1)
  A quokka (D:1)
  5 ball pythons
  6 bats
  2 frilled lizards
  6 kobolds
  A rat (D:1)
49 creatures vanquished.

Notes
Turn   | Place    | Note
-------+----------+-------------------------------------------
     0 | D:1      | Arzdou the Demonspawn Hedge Wizard began the quest for the
                  | Orb.
     0 | D:1      | Reached XP level 1. HP: 13/13 MP: 4/4
   291 | D:1      | Discovered your monstrous ancestry.
   291 | D:1      | Gained mutation: You have large cloven feet. [demonic
                  | ancestry]
   291 | D:1      | Reached XP level 2. HP: 11/19 MP: 0/6
  1317 | D:1      | Gained mutation: You have a small tail. [demonic ancestry]
  1317 | D:1      | Reached XP level 3. HP: 24/24 MP: 4/8
  1805 | D:2      | Noticed Sigmund
  1970 | D:2      | Found a shadowy altar of Dithmenos.
  2182 | D:2      | Found a faded altar of an unknown god.
  2958 | D:3      | Gained mutation: A weak demonic guardian rushes to your
                  | aid. [demonic ancestry]
  2958 | D:3      | Reached XP level 4. HP: 30/30 MP: 2/9
  3067 | D:3      | Reached skill level 4 in Spellcasting
  3221 | D:3      | You fall into a shaft and drop 3 floors!
  3227 | D:6      | Found an ancient bone altar of Kikubaaqudgha.
  3233 | D:6      | Noticed a hornet
  3238 | D:6      | Paralysed by a hornet for 2 turns
  3238 | D:6      | Slain by a hornet

Illustrated notes

Levels and vault maps discovered:
D:1:      pf_arrival_petrified_forest, layout_basic
D:2:      cheibrodos_helix_gallery, layout_basic, basic_ecumenical_altar,
          basic_altar, uniq_sigmund
D:3:      layout_rooms, serial_park_tiny_2, grunt_ministairs_15
D:6:      layout_cave_pools, overflow_temple_1_default,
          mainiacjoe_overflow_catwalk, uniq_menkaure

Skill      XL: |  1  2  3  4 |
---------------+-------------+-----
Conjurations   | 2 |  2.3
Spellcasting   | 4 |  4.0
Dodging        | |  1.7
Stealth        | |  1.7
Summonings     | |  1.8
Translocations | |  0.8

Action                     |  1- 3 |  4- 6 || total
---------------------------+-------+-------++-------
  Melee: Dagger            |    27 |       ||    27
         Kick              |     3 |       ||     3
   Cast: Magic Dart        |   112 |    13 ||   125
 Armour: Robe              |    26 |     4 ||    30
  Dodge: Dodged            |    22 |     4 ||    26

Table legend: (Time is in decaauts)
 A = Elapsed time spent in this place.
 B = Non-inter-level travel time spent in this place.
 C = Inter-level travel time spent in this place.
 D = Time resting spent in this place.
 E = Time spent auto-exploring this place.
 F = Levels seen in this place.
 G = Mean time per level.
                   A        B        C        D        E       F      G
               +--------+--------+--------+--------+--------+-----+--------+
         Total |   3238 |   3012 |    226 |     29 |   2683 |   4 |  809.5 |
       Dungeon |   3238 |   3012 |    226 |     29 |   2683 |   4 |  809.5 |
               +--------+--------+--------+--------+--------+-----+--------+

Top non-repeatable levels by time:
     D:1: 1855 daAuts
     D:2: 1014 daAuts
     D:3: 352 daAuts
     D:6: 16 daAuts
